 Dungeon Crawl Stone Soup version 0.28-a0-662-g1651b1f1e0 (webtiles) character file.

Game seed: 14050109392024454503

770 lunkers the Magician (level 8, -10/60 HPs)
             Began as a Djinni Cinder Acolyte on Oct 14, 2021.
             Was a High Priest of Ignis.
             Mangled by a yak (11 damage)
             ... on level 4 of the Dungeon.
             The game lasted 00:10:14 (5595 turns).

lunkers the Magician (Djinni Cinder Acolyte)        Turns: 5595, Time: 00:10:15

Health: -10/60     AC:  3    Str: 13    XL:     8   Next: 9%
Gold:   162        EV: 11    Int: 18    God:    Ignis [*****.] SH:  0 Dex:  9

rFire   + + +      SeeInvis .   a - -1 falchion (flame)
rCold   x . .      Faith    .   (no shield)
rNeg    . . .      Spirit   .   b - +0 robe
rPois   ∞          Reflect  .   (no helmet)
rElec   .          Harm     .   (no cloak)
rCorr   .          Rampage  .   j - +0 pair of gloves
Will    .....                   (boots unavailable)
Stlth   +.........              i - amulet of the acrobat
HPRegen 0.20/turn               (no ring)
MPRegen 0.00/turn               (no ring)

@: flying
A: sickness immunity, fire resistance 2, cold vulnerability 1, float, innate
caster, hp casting, extra vitality 1
a: Renounce Religion, Sea of Fire, Foxfire Swarm, Rising Flame


You were on level 4 of the Dungeon.
You worshipped Ignis.
Ignis was extremely pleased with you.
You visited 1 branch of the dungeon, and saw 5 of its levels.

You collected 162 gold pieces.

Inventory:

Hand Weapons
 a - a -1 falchion of flaming (weapon)
Armour
 b - a +0 robe (worn)
 j - a +0 pair of gloves (worn)
Jewellery
 i - an amulet of the acrobat (around neck)
Wands
 h - a wand of iceblast (5)
 q - a wand of acid (11)
Scrolls
 c - 2 scrolls of noise {unknown}
 e - a scroll of blinking {unknown}
 f - 2 scrolls of identify {unknown}
 k - a scroll of enchant weapon {unknown}
 l - a scroll of magic mapping {unknown}
 r - a scroll of teleportation {unknown}
Potions
 d - a potion of heal wounds {unknown}
 g - a potion of might {unknown}
 m - 5 potions of curing {unknown}
 n - a potion of mutation {unknown}
 o - a potion of brilliance {unknown}
 p - 2 potions of cancellation {unknown}
 s - a potion of flight {unknown}
 t - a potion of lignification {unknown}
 u - a potion of ambrosia {unknown}


   Skills:
 + Level 5.6 Fighting
 - Level 2.6 Long Blades
 * Level 5.8 Spellcasting


You had 10 spell levels left.
You knew the following spells:

 Your Spells              Type           Power      Damage    Failure   Level
a - Magic Dart            Conj           100%       1d8       1%          1
b - Ensorcelled Hibernat  Hex/Ice        52%        N/A       1%          2
c - Teleport Other        Tloc           26%        N/A       3%          3
p - Scorch                Fire           52%        2d7       1%          2
Your spell library was empty.

Dungeon Overview and Level Annotations

Branches:
Dungeon (5/15)
 Temple: D:4-7

Altars:
Dithmenos
Qazlal


Innate Abilities, Weirdness & Mutations

You are immune to sickness and miasma.
You are immune to poison.
Your flesh is very heat resistant. (rF++)
You are vulnerable to cold. (rC-)
You float through the air rather than walking.
You learn spells naturally, not from books.
Your magical power is your life essence.
You have superior vitality. (+4 HP)


Message History

The yak is no longer more vulnerable to fire.
The yak barely misses you.
Unknown command.
Unknown command.
Casting: Scorch (safe; 1% risk of failure)
Press: ? - help, Q - select action, (/) - cycle Dir - look around, f - activate Flames lash the yak but do no damage.
* * * LOW HITPOINT WARNING * * *
The yak gores you!
* * * LOW HITPOINT WARNING * * *
Casting: Scorch (safe; 1% risk of failure)
Press: ? - help, Q - select action, (/) - cycle Dir - look around, f - activate Flames lash the yak.
The yak is severely wounded.
The yak's fire resistance burns away.
* * * LOW HITPOINT WARNING * * *
The yak gores you!
* * * LOW HITPOINT WARNING * * *
You see here a +0 giant spiked club.
The yak is no longer more vulnerable to fire.
Casting: Scorch (safe; 1% risk of failure)
Press: ? - help, Q - select action, (/) - cycle Dir - look around, f - activate Flames lash the yak.
The yak is almost dead.
The yak's fire resistance burns away.
* * * LOW HITPOINT WARNING * * *
The yak gores you!
* * * LOW HITPOINT WARNING * * *
Unknown command.
You don't have enough health to cast this spell.
Unknown command.
Unknown command.
Casting: Scorch (safe; 1% risk of failure)
Press: ? - help, Q - select action, (/) - cycle Dir - look around, f - activate Flames lash the yak.
The yak is burned terribly!
The yak is almost dead.
* * * LOW HITPOINT WARNING * * *
The yak is no longer more vulnerable to fire.
The yak gores you!
You die...

#######.#######...#####
#.# ##<## #.# #)# #.#
#.# #######.# #####.#
........# #.....#
######### #.###.# .#
#.# #Y# .# #Y# #@#
.###########>###.#
.................#
############.#####
#........#
#####.######## ......#
#######


You could see a yak.

Vanquished Creatures
  2 yaks
  An ice beast (D:5)
  An ogre (D:4)
  A scorpion (D:4)
  A jelly (D:5)
  An iguana (D:4)
  A hound skeleton (D:4)
  4 gnolls (D:4)
  6 adders
  An ufetubus (D:5)
  3 dart slugs
  3 orcs (D:3)
  11 ball pythons
  4 endoplasms
  A giant cockroach (D:1)
  8 goblins
  5 hobgoblins
  5 jackals
  3 quokkas
  7 bats
  6 frilled lizards
  7 kobolds
  3 rats
85 creatures vanquished.

Notes
Turn   | Place    | Note
-------+----------+-------------------------------------------
     0 | D:1      | lunkers the Djinni Cinder Acolyte began the quest for the
                  | Orb.
     0 | D:1      | Reached XP level 1. HP: 20/20 MP: 0/0
   126 | D:1      | Reached XP level 2. HP: 18/25 MP: 0/0
   794 | D:1      | Reached XP level 3. HP: 24/30 MP: 0/0
   794 | D:1      | Learned a level 1 spell: Magic Dart
  1051 | D:1      | Found a faded altar of an unknown god.
  1563 | D:2      | Reached XP level 4. HP: 30/35 MP: 0/0
  2411 | D:3      | Found a shadowy altar of Dithmenos.
  3191 | D:3      | Reached XP level 5. HP: 39/41 MP: 0/0
  3191 | D:3      | Learned a level 2 spell: Ensorcelled Hibernation
  3826 | D:4      | Reached XP level 6. HP: 38/47 MP: 0/0
  4083 | D:4      | Noticed an ogre
  4088 | D:4      | Killed an ogre
  4714 | D:5      | Entered Level 5 of the Dungeon
  4758 | D:5      | Noticed a yak
  4889 | D:4      | Killed a yak
  4890 | D:4      | Reached skill level 5 in Fighting
  4890 | D:4      | Reached skill level 5 in Spellcasting
  4890 | D:4      | Reached XP level 7. HP: 21/54 MP: 0/0
  4890 | D:4      | Learned a level 3 spell: Teleport Other
  5184 | D:5      | Found a stormy altar of Qazlal.
  5229 | D:5      | Noticed a yak
  5229 | D:5      | Noticed a yak
  5230 | D:5      | Noticed a yak
  5292 | D:3      | Killed a yak
  5293 | D:3      | Reached XP level 8. HP: 3/60 MP: 0/0
  5590 | D:4      | HP: 2/60 [yak (8)]
  5595 | D:4      | Mangled by a yak

Illustrated notes

Levels and vault maps discovered:
D:1:      scummos_arrival_checkerplants, layout_rooms,
          shapermc_ecumenical_altar_rom_forum
D:2:      layout_basic, minmay_large_rounded_square
D:3:      layout_basic, amcnicky_altar_gilded, serial_glass, glass_columns_a,
          glass_columns_b
D:4:      layout_loops_ring
D:5:      layout_rooms, lemuel_round_altar, mainiacjoe_overflow_brackets,
          minmay_temple_entry_statues

Skill      XL: |  1  2  3  4  5  6 |
---------------+-------------------+-----
Spellcasting   | 3 4 5 |  5.8
Fighting       | 4 5 |  5.6
Long Blades    | |  2.6

Action                   |  1- 3 |  4- 6 |  7- 9 || total
-------------------------+-------+-------+-------++-------
Melee: Falchion          |    18 |       |       ||    18
 Cast: Scorch            |    35 |    78 |    19 ||   132
       Magic Dart        |       |    20 |       ||    20
Armor: Robe              |     7 |     3 |       ||    10
Dodge: Dodged            |    26 |    15 |     9 ||    50

Table legend: (Time is in decaauts)
 A = Elapsed time spent in this place.
 B = Non-inter-level travel time spent in this place.
 C = Inter-level travel time spent in this place.
 D = Time resting spent in this place.
 E = Time spent auto-exploring this place.
 F = Levels seen in this place.
 G = Mean time per level.
                   A        B        C        D        E       F      G
               +--------+--------+--------+--------+--------+-----+--------+
         Total |   5600 |   5488 |    112 |    697 |   4093 |   5 | 1120.0 |
       Dungeon |   5600 |   5488 |    112 |    697 |   4093 |   5 | 1120.0 |
               +--------+--------+--------+--------+--------+-----+--------+

Top non-repeatable levels by time:
     D:4: 1504 daAuts
     D:3: 1437 daAuts
     D:1: 1347 daAuts
     D:2: 1055 daAuts
     D:5: 254 daAuts
